 Dungeon Crawl Stone Soup version 0.28.0-1-gb440e238dd (webtiles) character file.

Game seed: 15167080757910325126

49 issech the Cudgeller (level 3, 0/36 HPs)
             Began as a Troll Monk on Feb 24, 2022.
             Slain by a goblin (2 damage)
             ... led by Robin
             ... on level 2 of the Dungeon.
             The game lasted 00:03:36 (1333 turns).

issech the Cudgeller (Troll Monk)                   Turns: 1333, Time: 00:03:36

Health: 0/36       AC:  4    Str: 19    XL:     3   Next: 53%
Magic:  2/2        EV: 10    Int:  6    God:
Gold:   46         SH:  0    Dex: 14    Spells: 2/2 levels left

rFire   . . .      SeeInvis .   a - +0 mace
rCold   . . .      Faith    .   (no shield)
rNeg    . . .      Spirit   .   b - +0 robe
rPois   .          Reflect  .   (helmet restricted)
rElec   .          Harm     .   (no cloak)
rCorr   .          Rampage  .   (gloves unavailable)
Will    .....                   (boots unavailable)
Stlth   ++........              (no amulet)
HPRegen 0.92/turn               (no ring)
MPRegen 0.08/turn               (no ring)

@: no status effects
A: large, unfitting armour, claws 3, regeneration 1, shaggy fur 1, tough skin 1
a: no special abilities


You were on level 2 of the Dungeon.
You visited 1 branch of the dungeon, and saw 2 of its levels.

You collected 46 gold pieces.

Inventory:

Hand Weapons
 a - a +0 mace (weapon)
 k - a +1 dagger of draining
Missiles
 g - 53 stones (quivered)
 h - 5 boomerangs
 j - 41 bolts
 l - 22 sling bullets
Armour
 b - a +0 robe (worn)
Scrolls
 d - a scroll of amnesia {unknown}
 e - a scroll of identify {unknown}
 f - a scroll of teleportation
Potions
 c - a potion of brilliance {unknown}
 i - 2 potions of curing {unknown}
 m - a potion of berserk rage {unknown}


   Skills:
 + Level 2.8 Fighting
 + Level 3.4 Maces & Flails
 + Level 2.7 Dodging
 + Level 1.2 Stealth


You had 2 spell levels left.
You didn't know any spells.
Your spell library contained the following spells:

 Spells                   Type           Power      Damage    Failure   Level
 Sublimation of Blood     Necr           0%         N/A       58%         2
 Wereblood                Tmut           0%         N/A       58%         2
 Summon Hydra             Summ           0%         N/A       100%        7


Dungeon Overview and Level Annotations

Branches:
Dungeon (2/15)

Altars:

Annotations:
D:2 Robin


Innate Abilities, Weirdness & Mutations

You are too large for most types of armour.
You have claws for hands.
Your natural rate of healing is unusually fast.
You are covered in fur. (AC +1)
You have tough skin. (AC +1)


Message History

Robin barely misses you. The goblin closely misses you.
The goblin shouts!
You sock the goblin!
You kill the goblin!
The goblin no longer looks unusually strong.
Robin roars a battlecry!
The goblins go into a battle-frenzy!
Robin throws the goblin at you! The goblin hits you with a +0 dagger.
* * * LOW HITPOINT WARNING * * *
Items here: )) ††.
You hit the goblin.
The goblin is almost dead.
The goblin no longer looks unusually strong. x2
Robin roars a battlecry!
The goblins go into a battle-frenzy!
The goblin hits you with a +0 dagger.
* * * LOW HITPOINT WARNING * * *
You barely miss the goblin.
The goblin is almost dead.
The goblin misses you.
You hit the goblin.
You kill the goblin!
The goblin no longer looks unusually strong.
Robin throws the goblin at you!
* * * LOW HITPOINT WARNING * * *
The goblin hits you with a +0 club.
* * * LOW HITPOINT WARNING * * *
You sock the goblin!
You kill the goblin!
Robin roars a battlecry!
The goblins go into a battle-frenzy!
Things that are here:
a +0 club; a +0 dagger Robin throws the goblin at you!
You hit the goblin.
The goblin is moderately wounded.
The goblin hits you with a +0 club.
* * * LOW HITPOINT WARNING * * *
The goblin hits you with a +0 club.
You die...

#..######
#.......#
##>.....#
#......#
#......###
##..........
#.......##..
#g####### #
#@# #g# #)#
#g# #.# #g#
#g. #.. ##..


You could see Robin, a hobgoblin (strong) and 3 goblins.

Vanquished Creatures
  An adder (D:2)
  A dart slug (D:1)
  3 bats
  3 endoplasms
  A giant cockroach (D:2)
  4 hobgoblins
  2 quokkas (D:1)
  A ball python (D:1)
  2 frilled lizards (D:1)
  11 goblins
  5 rats
34 creatures vanquished.

Notes
Turn   | Place    | Note
-------+----------+-------------------------------------------
     0 | D:1      | issech the Troll Monk began the quest for the Orb.
     0 | D:1      | Reached XP level 1. HP: 22/22 MP: 0/0
   364 | D:1      | Reached XP level 2. HP: 28/29 MP: 1/1
   501 | D:1      | Reached skill level 3 in Maces & Flails
   610 | D:1      | Found a faded altar of an unknown god.
  1134 | D:2      | Reached XP level 3. HP: 34/35 MP: 2/2
  1311 | D:2      | Noticed Robin
  1333 | D:2      | Slain by a goblin

Illustrated notes

Levels and vault maps discovered:
D:1:      dpeg_arrival_boxes_within_box, layout_loops_corners,
          shapermc_ecumenical_altar_mp_ritualfount
D:2:      layout_basic, hangedman_decor_opposing, uniq_robin

Skill      XL: |  1  2 |
---------------+-------+-----
Maces & Flails | 3 |  3.4
Fighting       | |  2.8
Dodging        | |  2.7
Stealth        | |  1.2

Action                   || total
-------------------------++-------
Melee: Mace              ||    88
  Use: Scroll            ||     1
 Stab: Sleeping          ||     4
Armor: Robe              ||    54
Dodge: Dodged            ||    50
